 Dungeon Crawl Stone Soup version 0.15-a0-123-geffbfde (webtiles) character file.

3370 Qrupt the Spear-Bearer (level 9, -2/61 HPs)
             Began as a Merfolk Gladiator on Apr 11, 2014.
             Incinerated by a mottled dragon (8 damage)
             ... with a sticky flame
             ... on Level 7 of the Dungeon.
             The game lasted 00:26:52 (9118 turns).

Qrupt the Spear-Bearer (Merfolk Gladiator)          Turns: 9118, Time: 00:26:52

HP  -2/61        AC  5     Str 16      XL: 9   Next: 81%
MP   9/9         EV 24     Int  9      God:
Gold 411         SH  0     Dex 15      Spells:  0 memorised,  8 levels left

rFire  . . .     SeeInvis .     G - +1,+0 glaive
rCold  . . .     Clarity  .     b - +0 leather armour
rNeg   . . .     Conserve .     (no shield)
rPois  .         rCorr    .     c - +0 helmet
rElec  .         rRot     .     (no cloak)
SustAb . .       Spirit   .     L - +0 pair of gloves
rMut   .         Warding  .     (no boots)
Saprov . . .     Stasis   .     (no amulet)
MR     .....                    (no ring)
                                t - +4 ring of evasion

@: liquid flames, very slightly contaminated, glowing, not resistant to hostile
enchantments, very unstealthy
A: change form in water, swift swim
a: no special abilities


You were on level 7 of the Dungeon.
You were hungry.

You visited 1 branch of the dungeon, and saw 8 of its levels.

You collected 411 gold pieces.

Inventory:

Hand weapons
 a - a +0,+1 trident
 A - a +0,-3 short sword
 G - a +1,+0 glaive (weapon)
Missiles
 d - 3 throwing nets (quivered)
Armour
 b - a +0 leather armour (worn)
 c - a +0 helmet (worn)
 C - a +0 pair of gloves
 L - a +0 pair of gloves (worn)
Comestibles
 g - 2 pears
 p - 8 meat rations
 q - 2 chokos
Scrolls
 m - a scroll of magic mapping
 o - 4 scrolls of identify
 u - 4 scrolls of remove curse
 v - 3 scrolls of immolation
 y - a scroll of amnesia
 E - a scroll of recharging
 K - a scroll of blinking
Jewellery
 f - the ring "Erism" {+Rage +Inv rF+ MR+, unknown}
   (You found it on level 6 of the Dungeon)

   [ring of invisibility]

   It protects you from fire.
   It affects your resistance to hostile enchantments.
   It lets you turn invisible.
   It lets you go berserk.
 n - a cursed amulet of stasis
 s - an uncursed ring of ice
 t - a +4 ring of evasion (left hand)
 B - an uncursed ring of fire
 D - an uncursed amulet of faith {unknown}
 I - an uncursed ring of see invisible {unknown}
Potions
 i - a potion of restore abilities
 r - a potion of degeneration {unknown}
 z - 2 potions of magic {unknown}
 F - a potion of brilliance {unknown}
 H - a potion of agility
 J - a potion of lignification {unknown}
Books
 e - a book of War Chants

   Spells                             Type                      Level
   Fire Brand                         Charms/Fire                  2
   Freezing Aura                      Charms/Ice                   2
   Shroud of Golubria                 Charms/Translocation         2
   Repel Missiles                     Charms/Air                   2
   Poison Weapon                      Charms/Poison                3
   Regeneration                       Charms/Necromancy            3
 l - a book of Annihilations {highlevel, unknown}

   This book is beyond your current level of understanding.

   Spells                             Type                      Level
   Poison Arrow                       Conjuration/Poison           6
   Chain Lightning                    Conjuration/Air              8
   Lehudib's Crystal Spear            Conjuration/Earth            8
   Glaciate                           Conjuration/Ice              9
   Fire Storm                         Conjuration/Fire             9


   Skills:
 - Level 2.1 Fighting
 + Level 13.0 Polearms
 - Level 2.0 Throwing
 + Level 12.9 Dodging


You had 8 spell levels left.
You didn't know any spells.

Dungeon Overview and Level Annotations

Branches:
Dungeon (8/15)             Temple (0/1) D:6
   Lair: D:8-11

Altars:
Dithmenos
The Shining One

Shops:
D:6 :

Annotations:
D:3 Grinder
D:8 Joseph


Message History

It is a scroll of recharging.
You aren't carrying any rechargeable items.
The mottled dragon spits sticky flame at you.
The sticky flame hits you!
You are covered in liquid flames!
Read which item? (? for menu, Esc to quit)
As you read the scroll labeled IROETEOKLE, it crumbles to dust.
Blink to where?
Press: ? - help, Dir - move target cursor You are very lightly contaminated with residual magic.
It was a scroll of blinking.
You are covered in liquid flames!
One of your 4 scrolls of immolation catches fire!
* * * LOW HITPOINT WARNING * * *
You are covered in liquid flames!
Your scroll of random uselessness catches fire!
Two of your 6 scrolls of identify catch fire!
* * * LOW HITPOINT WARNING * * *
You are covered in liquid flames!
You die...

#..........#.######.########.#
#.(......D.#.....##.# #.....#
#..........#####.##.# #......
#.........(# #.#..# #.....#
#..........#####'#.## #.....#
#[.................# #.....#
##'#######.........# #.....# #.#
#.........# #.....# #.#
#.##@.....# #.....# #.#
#..+......########### #.#
####................. #^#
########).....########### #.#
#........####......<.....
####'###.......)# #.#####.#####
#......#........# #.......#
#......#(.......############
#......#........##........######


You could see a mottled dragon (inner flame).

Vanquished Creatures
  A two-headed ogre (D:8)
  Prince Ribbit (D:6)
  Menkaure (D:6)
  A necrophage (D:7)
  3 ice beasts
  A black bear (D:8)
  5 ogres
  2 orc warriors (D:7)
  A sky beast (D:6)
  Sigmund (D:6)
  2 giant frogs
  4 killer bees
  2 hounds
  2 centaur skeletons (D:4)
  A crimson imp (D:7)
  An orc priest (D:4)
  A jelly (D:5)
  5 orc wizards
  A quasit (D:5)
  5 worker ants
  A hound zombie (D:7)
  9 adders
  4 gnolls (D:5)
  2 green rats
  3 giant mites
  5 worms
  A gnoll zombie (D:6)
  3 adder skeletons
  An orc skeleton (D:7)
  2 giant eyeballs
  5 giant geckos
  An ooze (D:1)
  22 orcs
  11 bats
  A bat skeleton (D:4)
  8 goblins
  16 hobgoblins
  14 jackals
  2 ball pythons
  5 giant cockroaches
  4 giant newts
  2 goblin skeletons (D:5)
  A jackal skeleton (D:5)
  14 kobolds
  A quokka (D:4)
  8 rats
187 creatures vanquished.

Vanquished Creatures (others)
  A giant frog (D:8)
  A hound (D:8)
  An orc wizard (D:5)
  A giant spore (D:8)
4 creatures vanquished.

Grand Total: 191 creatures vanquished

Notes
Turn   | Place    | Note
--------------------------------------------------------------
     0 | D:1      | Qrupt, the Merfolk Gladiator, began the quest for the Orb.
     0 | D:1      | Reached XP level 1. HP: 16/16 MP: 1/1
   527 | D:1      | Reached XP level 2. HP: 22/22 MP: 2/2
  1029 | D:1      | Reached skill level 5 in Polearms
  1202 | D:2      | Reached skill level 5 in Dodging
  1202 | D:2      | Reached XP level 3. HP: 23/27 MP: 3/3
  1486 | D:2      | Reached XP level 4. HP: 26/33 MP: 4/4
  1820 | D:2      | Reached skill level 6 in Polearms
  2736 | D:3      | Reached XP level 5. HP: 38/38 MP: 5/5
  2940 | D:3      | Noticed Grinder
  2961 | D:3      | Paralysed by Grinder for 7 turns
  3518 | D:4      | Reached skill level 7 in Polearms
  3525 | D:4      | Noticed an ogre
  3553 | D:4      | Killed an ogre
  3553 | D:4      | Reached XP level 6. HP: 35/44 MP: 6/6
  3862 | D:4      | Reached skill level 8 in Polearms
  4317 | D:5      | Entered Level 5 of the Dungeon
  4335 | D:5      | Reached XP level 7. HP: 44/50 MP: 7/7
  4897 | D:5      | Found a shadowy altar of Dithmenos.
  5122 | D:5      | Reached skill level 9 in Polearms
  5351 | D:5      | Found a glowing golden altar of the Shining One.
  5420 | D:5      | Reached XP level 8. HP: 22/56 MP: 8/8
  5928 | D:6      | Reached skill level 10 in Polearms
  5928 | D:6      | Reached skill level 10 in Dodging
  5960 | D:6      | Noticed Sigmund
  6416 | D:6      | Found Osotohao's Book Shoppe.
  6549 | D:6      | Noticed Prince Ribbit
  6573 | D:6      | Killed Prince Ribbit
  6573 | D:6      | Reached skill level 11 in Dodging
  6949 | D:6      | Got a transparent bone ring
  7103 | D:6      | Killed Sigmund
  7103 | D:6      | Reached XP level 9. HP: 61/61 MP: 9/9
  7110 | D:6      | Found a staircase to the Ecumenical Temple.
  7177 | D:6      | Paralysed by a giant eyeball for 4 turns
  7184 | D:6      | Paralysed by a giant eyeball for 3 turns
  7811 | D:7      | Reached skill level 12 in Polearms
  7929 | D:7      | Paralysed by a giant eyeball for 2 turns
  7935 | D:7      | Paralysed by a giant eyeball for 3 turns
  8105 | D:7      | Noticed Menkaure
  8285 | D:6      | Killed Menkaure
  8474 | D:7      | HP: 3/61 [poisoned by a killer bee]
  8479 | D:7      | HP: 3/61 [poisoned by a killer bee]
  8486 | D:7      | HP: 3/61 [poisoned by a killer bee]
  8492 | D:7      | HP: 3/61 [poisoned by a killer bee]
  9065 | D:8      | Reached skill level 13 in Polearms
  9075 | D:8      | Noticed Joseph
  9118 | D:7      | Incinerated by a mottled dragon

Action                   |  1- 3 |  4- 6 |  7- 9 || total
-------------------------+-------+-------+-------++-------
Melee: Trident           |   119 |   296 |   414 ||   829
       Short sword       |       |       |    11 ||    11
       Glaive            |       |       |   130 ||   130
Throw: Throwing net      |       |     1 |     3 ||     4
       Dart              |       |       |     4 ||     4
       Tomahawk          |       |       |     2 ||     2
  Use: Potion            |     2 |     4 |     6 ||    12
       Scroll            |       |     6 |     5 ||    11
 Stab: Held in net/web   |       |     2 |     1 ||     3
